[Event "Titled Tuesday Blitz July 27 2021"]
[White "Zubov, Alexander"]
[Black "Dvirnyy, Danyyil"]
[WhiteFideId "14109409"]
[BlackFideId "817570"]
[WhiteElo "2740"]
[BlackElo "2531"]
[Result "1-0"]
[Round "03"]
[TimeControl "180+1"]
[Date "2021.07.27"]
[WhiteClock "0:00:25"]
[BlackClock "0:00:04"]

1. d4 Nf6 2. c4 e6 3. Nf3 d5 4. Nc3 a6 5. cxd5 exd5 6. Bf4 Bd6 7. Bg3 O-O 8. Qc2 Nc6 9. a3 Ne7 10. Bh4 Bf5 11. Qb3 Ng6 12. Bxf6 Qxf6 13. Nxd5 Qe6 14. Qa2 Rfe8 15. e3 Be4 16. Nc3 Qg4 17. h3 Qf5 18. Nxe4 Qxe4 19. Bc4 Qf5 20. O-O c6 21. Rfe1 Re7 22. e4 Rxe4 23. Bxf7+ Kh8 24. Bxg6 Rxe1+ 25. Rxe1 Qxg6 26. Qe6 Qxe6 27. Rxe6 Rd8 28. Kf1 Kg8 29. Ke2 Kf7 30. Ng5+ Kg8 31. Re4 h6 32. Ne6 Rd7 33. f4 Kf7 34. f5 Be7 35. g4 Bf6 36. b3 Rd5 37. a4 b6 38. Kd3 a5 39. Kc4 Rd6 40. Nf4 Bg5 41. Nd3 Bf6 42. Ne5+ Kf8 43. Nf3 Kf7 44. h4 Bd8 45. g5 Kf8 46. Kd3 Rd7 47. Re6 Rd5 48. Ke4 b5 49. Rxc6 Rd7 50. axb5 Rb7 51. Rc5 Be7 52. Rd5 hxg5 53. hxg5 Rc7 54. g6 Rc2 55. Ne5 Re2+ 56. Kf3 Re1 57. Nc6 Bf6 58. b6 Rb1 59. b7 Rxb3+ 60. Ke4 Rxb7 61. Rxa5 Rb6 62. Ra8+ 1-0


[Site "https://www.chess.com"]

[Event "Titled Tuesday Blitz July 27 2021"]
[White "Agibileg, Uurtsaikh"]
[Black "Demchenko, Anton"]
[WhiteFideId "4901606"]
[BlackFideId "4160258"]
[WhiteElo "2117"]
[BlackElo "2593"]
[Result "1/2-1/2"]
[Round "04"]
[TimeControl "180+1"]
[Date "2021.07.27"]
[WhiteClock "0:00:55"]
[BlackClock "0:00:28"]

1. d4 d5 2. c4 dxc4 3. Nf3 Nf6 4. Nc3 Bg4 5. Ne5 Bh5 6. f3 Nbd7 7. Nxc4 e6 8. e4 Bb4 9. Be2 O-O 10. O-O c5 11. Be3 cxd4 12. Bxd4 Rc8 13. Kh1 a6 14. a3 Be7 15. Ne5 Nxe5 16. Bxe5 Nd7 17. Bd4 Nc5 18. Bf2 b5 19. Qc2 Na4 20. Rfd1 Qc7 21. Rd3 Bf6 22. Rc1 Nxc3 23. bxc3 Qa5 24. Qb3 Rc6 25. c4 Rfc8 26. c5 h6 27. Rd7 Rd8 28. Qb4 Qa4 29. Rxd8+ Bxd8 30. Qxa4 bxa4 31. Rb1 Be7 32. Rb6 Rc7 33. c6 Bxa3 34. Bxa6 Bd6 35. Bb7 a3 36. Ra6 f5 37. Bb6 Rf7 38. Bc8 Re7 39. Bd8 Re8 40. c7 Bxc7 41. Bxe6+ Rxe6 42. Rxe6 Bxd8 43. exf5 Kf8 44. Ra6 Be7 45. Ra8+ Kf7 46. g4 Kf6 47. gxh5 Kxf5 48. Kg2 Kf4 49. Ra4+ Ke5 50. Kg3 Kd5 51. Kg4 Kc6 52. Ra7 Bd6 53. Rxg7 Bc5 54. Rg8 Kb5 55. Rc8 Bb4 56. Rb8+ Ka4 57. Rc8 Ba5 58. Rc1 a2 59. Ra1 Kb3 60. Kf5 Bc3 61. Rxa2 Kxa2 62. Kg6 Bd2 63. Kf5 Kb3 64. f4 Kc4 65. Ke5 Kc5 66. f5 Kc6 67. Ke6 Kc7 68. f6 Kd8 69. f7 Bb4 70. Kf6 Bf8 71. Ke6 Kc7 72. h3 Kc6 73. h4 Kc7 74. Kf6 Kd6 75. Kf5 Ke7 76. Kg4 Kxf7 77. Kh3 Ke6 78. Kh2 Kf5 79. Kh1 Kf4 80. Kg1 Kf3 81. Kh1 Bd6 82. Kg1 Bc5+ 83. Kh1 Kf2 84. Kh2 Bd4 85. Kh1 Be3 86. Kh2 Kf3 87. Kh1 Bf2 88. Kh2 Ke3 89. Kh1 Ke2 90. Kh2 Kf1 91. Kh1 Be3 92. Kh2 Bf4+ 93. Kh1 Ke2 94. Kg1 Ke3 95. Kh1 Kf3 96. Kg1 Kg3 97. Kh1 Kh3 98. Kg1 Be5 99. Kh1 Bc7 100. Kg1 Bb6+ 101. Kh1 Bd8 102. Kg1 Kg4 103. Kh1 Kxh5 104. Kg1 Bf6 105. Kh1 Be5 106. Kg1 Bf4 107. Kh1 Be3 108. Kh2 Bg5 109. Kh1 Bf6 110. Kh2 Bd8 111. Kh1 Bb6 112. Kh2 Bc5 113. Kh1 Bd4 114. Kh2 Bc3 115. Kh1 Bd2 116. Kh2 Kg4 117. Kh1 Be3 118. Kh2 Bg5 119. Kh1 Kg3 120. Kg1 Kh3 121. Kh1 Be3 122. h5 Kg4 123. Kh2 Bf4+ 124. Kh1 Kf3 125. Kg1 Kg3 126. Kh1 Kh3 127. Kg1 Bg3 128. Kh1 Bh4 129. Kg1 Bg5 130. Kh1 Be7 131. Kg1 Bc5+ 132. Kh1 Bd6 133. Kg1 Be5 134. Kh1 Kg4 135. Kg1 Kg5 136. Kh1 Kf5 137. Kg1 Kf6 138. Kh1 Kg5 139. Kg1 Kxh5 140. Kh1 Kg4 141. Kg1 Kh3 142. Kh1 Bf4 143. Kg1 Be3+ 144. Kh1 Bg5 145. Kg1 Bh4 146. Kh1 Bg3 147. Kg1 Bh2+ 148. Kh1 h5 1/2-1/2


[Site "https://www.chess.com"]

[Event "Titled Tuesday Blitz July 27 2021"]
[White "Aldokhin, Ivan"]
[Black "Manafov, Vugar"]
[WhiteFideId "24115720"]
[BlackFideId "13410814"]
[WhiteElo "2306"]
[BlackElo "2274"]
[Result "0-1"]
[Round "04"]
[TimeControl "180+1"]
[Date "2021.07.27"]
[WhiteClock "0:00:03"]
[BlackClock "0:00:15"]

1. e4 Nf6 2. e5 Nd5 3. Nc3 Nxc3 4. bxc3 d5 5. f4 Bf5 6. Nf3 e6 7. Nd4 Bg6 8. Rb1 Qc8 9. f5 Bxf5 10. Nxf5 exf5 11. Qf3 c6 12. d4 Be7 13. Bd3 g6 14. Bh6 Nd7 15. O-O Nf8 16. g4 Qe6 17. gxf5 gxf5 18. Bxf8 Kxf8 19. Bxf5 Qh6 20. Rxb7 Rg8+ 21. Kh1 Rg7 22. Rfb1 Re8 23. Bd7 Rd8 24. Rb8 Qd2 25. e6 Qxc2 26. Rxd8+ Bxd8 27. Rf1 Bc7 28. Qf2 Qe4+ 29. Qf3 Qh4 30. Qf2 Qe4+ 31. Qf3 Qg6 32. e7+ Kxe7 33. Bh3 Qd6 34. Re1+ Kf8 35. Qe2 Rg6 36. Qe8+ Kg7 37. Qe2 Rh6 38. Qg2+ Kf8 39. Rf1 a5 40. Qf2 Rf6 41. Qe2 Rxf1+ 42. Bxf1 Qa3 43. Qc2 Kg7 44. Bh3 Qd6 45. Qg2+ Kf8 46. Qf2 a4 47. Qe2 a3 48. Bf5 Qf4 49. Bd3 Qc1+ 50. Kg2 Qxc3 51. Qf3 Qxd4 52. Bxh7 Qg7+ 53. Kf1 Qxh7 54. Qf2 Qb1+ 55. Kg2 Qe4+ 56. Qf3 Bd6 57. h3 Qxf3+ 58. Kxf3 Ke7 0-1


[Site "https://www.chess.com"]

[Event "Titled Tuesday Blitz July 27 2021"]
[White "Allahverdiyeva, Ayan"]
[Black "Maevsky, Nikolay"]
[WhiteFideId "13412590"]
[BlackFideId "4198220"]
[WhiteElo "1910"]
[BlackElo "2213"]
[Result "0-1"]
[Round "04"]
[TimeControl "180+1"]
[Date "2021.07.27"]
[WhiteClock "0:00:01"]
[BlackClock "0:00:16"]

1. e4 g6 2. d4 Bg7 3. Nc3 d6 4. f4 a6 5. Nf3 b5 6. Bd3 Nd7 7. e5 Bb7 8. Qe2 Nh6 9. Be3 Nb6 10. Ng5 e6 11. O-O-O Qd7 12. Nce4 Nf5 13. Bf2 h6 14. Nf3 Nd5 15. g4 Nxf4 16. Qd2 Nxd3+ 17. Qxd3 Ne7 18. exd6 cxd6 19. Bg3 Bxe4 20. Qxe4 Nd5 21. h4 Rc8 22. Kb1 b4 23. h5 g5 24. Rhe1 O-O 25. Nxg5 hxg5 26. h6 Nf6 27. Qe3 Bxh6 28. Rh1 Kg7 29. Rxh6 Kxh6 30. Rh1+ Kg6 31. Qd3+ Kg7 32. Qe3 Nh7 33. Rxh7+ Kxh7 34. Qxg5 f5 35. Qh5+ Kg8 0-1


[Site "https://www.chess.com"]

[Event "Titled Tuesday Blitz July 27 2021"]
[White "Altman, Joshua"]
[Black "Do Valle Cardoso, Lucas"]
[WhiteFideId "426210"]
[BlackFideId "2163144"]
[WhiteElo "1945"]
[BlackElo "2387"]
[Result "1-0"]
[Round "04"]
[TimeControl "180+1"]
[Date "2021.07.27"]
[WhiteClock "0:02:16"]
[BlackClock "0:01:41"]

1. d4 d5 2. c4 dxc4 3. e3 e5 4. Bxc4 exd4 5. exd4 Nf6 6. Nf3 Bd6 7. Qe2+ Qe7 8. Qxe7+ Kxe7 9. O-O Re8 10. Bg5 Be6 11. Re1 Kd7 12. Ne5+ Bxe5 13. Bxe6+ Rxe6 14. dxe5 Ng4 15. Nc3 Nc6 16. Rad1+ Kc8 17. f4 h6 18. Bh4 g5 19. fxg5 Ngxe5 20. gxh6 Rxh6 21. Rxe5 1-0


[Site "https://www.chess.com"]

[Event "Titled Tuesday Blitz July 27 2021"]
[White "Arabidze, Meri"]
[Black "Damjanovic, Vladimir"]
[WhiteFideId "13604040"]
[BlackFideId "903795"]
[WhiteElo "2432"]
[BlackElo "2374"]
[Result "0-1"]
[Round "04"]
[TimeControl "180+1"]
[Date "2021.07.27"]
[WhiteClock "0:01:34"]
[BlackClock "0:00:03"]

1. Nf3 Nf6 2. g3 g6 3. Bg2 Bg7 4. O-O O-O 5. d4 d6 6. a4 a5 7. Re1 Bf5 8. Nbd2 d5 9. Nb3 Nc6 10. c3 b6 11. Bf4 Ne8 12. Ne5 Nxe5 13. dxe5 c6 14. Nd4 Bd7 15. e4 e6 16. exd5 exd5 17. h4 Nc7 18. h5 Ne6 19. Nxe6 fxe6 20. h6 Rxf4 21. gxf4 Bxh6 22. c4 Bxf4 23. cxd5 cxd5 24. Bxd5 exd5 25. Qxd5+ Kh8 26. e6 Be8 27. Rad1 Qxd5 28. Rxd5 Kg7 29. Rd4 Bg5 30. Rd6 Be7 31. Rxb6 Bxa4 32. Rb7 Re8 33. Re4 Bc6 34. Rf4 Bxb7 35. Rf7+ Kg8 36. f4 Bd5 37. f5 gxf5 38. Rxf5 Bxe6 39. Re5 Bf7 40. Kg2 Bf6 41. Rf5 Kg7 42. Rf4 Re5 43. Kg3 Rg5+ 44. Kh3 Rh5+ 45. Kg4 Rh6 46. Rf1 Rg6+ 47. Kh5 Rg1# 0-1


[Site "https://www.chess.com"]

[Event "Titled Tuesday Blitz July 27 2021"]
[White "Asadli, Vugar"]
[Black "Zhigalko, Sergei"]
[WhiteFideId "13405764"]
[BlackFideId "13502956"]
[WhiteElo "2386"]
[BlackElo "2662"]
[Result "1/2-1/2"]
[Round "04"]
[TimeControl "180+1"]
[Date "2021.07.27"]
[WhiteClock "0:00:20"]
[BlackClock "0:00:05"]

1. e4 c5 2. Nf3 Nc6 3. Nc3 Nf6 4. Bb5 Qc7 5. O-O Nd4 6. Nxd4 cxd4 7. Nd5 Nxd5 8. exd5 Qc5 9. c4 a6 10. Ba4 Qxc4 11. Bb3 Qd3 12. Re1 e6 13. Bc2 Qc4 14. Be4 Be7 15. b3 Qb4 16. Bb2 O-O 17. Rc1 d6 18. dxe6 Bxe6 19. Qh5 g6 20. Qf3 Qxd2 21. Re2 Qg5 22. h3 d5 23. Bd3 Rac8 24. Rce1 Bb4 25. Re5 Qd2 26. R5e2 Qh6 27. Bxd4 Qg5 28. Re5 Qe7 29. R1e2 Rc1+ 30. Kh2 Bd6 31. g3 Bxe5 32. Bxe5 f6 33. Bd4 Qf7 34. Qe3 Rc6 35. b4 Bd7 36. Qf4 Re6 37. Rc2 Rc6 38. Re2 Re8 39. Rxe8+ Bxe8 40. h4 g5 41. hxg5 Qh5+ 42. Kg2 Qxg5 43. Qb8 Re6 44. Qxb7 Qh5 45. Qc8 Kf7 46. Qc7+ Re7 47. Qf4 Bb5 48. Qxf6+ Ke8 49. Bxb5+ axb5 50. Qc6+ Kf7 51. Qf6+ Ke8 52. Bc5 Re2 53. Qf8+ Kd7 54. Qd6+ Ke8 55. Qf8+ Kd7 56. Qg7+ Ke8 57. Qg8+ Kd7 58. Qg7+ Ke8 59. Qf6 Qg6 60. Qf8+ Kd7 61. Kh3 Qe6+ 62. Kh2 Qg6 63. Qf4 Qe4 64. Qd6+ Ke8 65. Qf8+ Kd7 66. Qf7+ Kc8 67. Qf8+ Kd7 68. Qf7+ Kc8 69. Qg8+ Kd7 70. Qg7+ Ke8 71. Qf8+ Kd7 1/2-1/2


[Site "https://www.chess.com"]

[Event "Titled Tuesday Blitz July 27 2021"]
[White "Batsuren, Dambasuren"]
[Black "Reprintsev, Alexander"]
[WhiteFideId "4902920"]
[BlackFideId "14100541"]
[WhiteElo "2371"]
[BlackElo "2126"]
[Result "0-1"]
[Round "04"]
[TimeControl "180+1"]
[Date "2021.07.27"]
[WhiteClock "0:00:01"]
[BlackClock "0:00:48"]

1. d4 d5 2. c4 e5 3. dxe5 d4 4. Nf3 Nc6 5. a3 g6 6. Nbd2 Bg7 7. Nb3 Nxe5 8. Nbxd4 Nxf3+ 9. Nxf3 Qxd1+ 10. Kxd1 Nf6 11. e3 Bd7 12. Bd3 O-O-O 13. Ke2 Ba4 14. Nd4 c5 15. Nb5 Ng4 16. Be4 a6 17. Nc3 Bxc3 18. bxc3 Bb3 19. Bd5 Ne5 20. e4 Bxc4+ 21. Bxc4 Nxc4 22. Bg5 Rd6 23. Rhd1 Re6 24. f3 f6 25. Be3 b6 26. a4 a5 27. g4 Kc7 28. Rd5 h5 29. Rad1 hxg4 30. Bf4+ Kc8 31. fxg4 Rxe4+ 32. Kf3 Re7 33. h3 Rxh3+ 34. Kg2 Rh8 35. g5 fxg5 36. Bxg5 Ne3+ 37. Bxe3 Rxe3 38. Rd6 Kb7 39. Rd7+ Ka6 40. Rg7 Rxc3 41. Rdd7 Ra8 42. Rxg6 Rc4 43. Rdd6 Rb8 44. Rc6 Rxa4 45. Rxc5 Ra3 46. Kf2 Rf8+ 47. Ke2 Rh8 48. Rcc6 Rh2+ 0-1


[Site "https://www.chess.com"]

[Event "Titled Tuesday Blitz July 27 2021"]
[White "Begunov, Konstantin"]
[Black "Dowgird, Filip"]
[WhiteFideId "4118510"]
[BlackFideId "1121235"]
[WhiteElo "2262"]
[BlackElo "2209"]
[Result "0-1"]
[Round "04"]
[TimeControl "180+1"]
[Date "2021.07.27"]
[WhiteClock "0:00:02"]
[BlackClock "0:00:44"]

1. d4 Nf6 2. c4 Nc6 3. Nc3 e5 4. d5 Ne7 5. h4 h5 6. Nf3 Ng6 7. Ng5 Bb4 8. e3 Bxc3+ 9. bxc3 d6 10. Bd3 Nf8 11. Qb3 b6 12. a4 a5 13. Ba3 N8d7 14. O-O-O Ng4 15. Qc2 Ndf6 16. Rde1 Bd7 17. f3 Nh6 18. Qd1 Kf8 19. Bc2 Kg8 20. Kb1 Bf5 21. e4 Bd7 22. Qd3 Qe8 23. Qd1 Qe7 24. Ka2 Re8 25. Bc1 Qd8 26. Qd3 Re7 27. Bd1 Qe8 28. Ka3 Kf8 29. Reg1 Bc8 30. Be2 Nd7 31. Be3 Nb8 32. g4 hxg4 33. fxg4 f6 34. Nh3 Nf7 35. g5 fxg5 36. Nxg5 Kg8 37. Qd1 Nxg5 38. Bxg5 Rd7 39. Bg4 Na6 40. Bxd7 Bxd7 41. Bf6 Rh7 42. Rh2 Qf7 43. Rf2 Nc5 44. Qf1 Nxe4 45. Bxg7 Nxf2 0-1


[Site "https://www.chess.com"]

[Event "Titled Tuesday Blitz July 27 2021"]
[White "Bernadskiy, Vitaliy"]
[Black "Amburgy, Ryan"]
[WhiteFideId "14100371"]
[BlackFideId "30924820"]
[WhiteElo "2510"]
[BlackElo "2066"]
[Result "1/2-1/2"]
[Round "04"]
[TimeControl "180+1"]
[Date "2021.07.27"]
[WhiteClock "0:00:20"]
[BlackClock "0:00:55"]

1. d4 Nf6 2. c4 e6 3. Nc3 Bb4 4. Qc2 d6 5. Bd2 Nbd7 6. a3 Bxc3 7. Bxc3 b6 8. e4 Bb7 9. f3 O-O 10. Ne2 e5 11. d5 a5 12. b3 g6 13. Ng3 Ne8 14. Be2 Ng7 15. O-O Qh4 16. Qd2 f5 17. exf5 Nxf5 18. Nxf5 Rxf5 19. g3 Qe7 20. f4 Raf8 21. Bg4 R5f6 22. Bxd7 Qxd7 23. fxe5 Rxf1+ 24. Rxf1 Rxf1+ 25. Kxf1 Qf5+ 26. Ke2 dxe5 27. Qe3 a4 28. Qxe5 Qxe5+ 29. Bxe5 axb3 30. Kd3 c6 31. d6 Kf7 32. Kc3 Ke6 33. Kxb3 Bc8 34. Bf4 Bd7 35. c5 b5 36. Kb4 Be8 37. Ka5 Kd7 38. Kb6 Bf7 39. Ka5 Bd5 40. Kb4 Bf3 41. Kc3 Bd5 42. Kd4 Bc4 43. Ke5 h5 44. Kf6 Bd3 45. Kg5 Bc2 46. h4 Bd3 47. Bd2 Bc2 48. Kf4 Bb1 49. Ke5 Bc2 50. Kd4 Bb1 51. Kc3 Bf5 52. Kb4 Be4 53. Kc3 Bf5 54. Kd4 Bb1 55. Ke5 Bf5 56. Kf6 Bb1 57. Kg5 Bf5 58. Bf4 Bb1 59. g4 hxg4 60. Kxg4 Bc2 61. Kg5 Bb1 62. Bd2 Bc2 63. Kf6 Bb1 64. Ke5 Bc2 65. Kd4 Bb1 66. Ke3 Bc2 67. Bb4 Bb1 68. Kf4 Bc2 69. Kg5 Bb1 70. Kf4 Bc2 71. Ke5 Bb1 72. Kf6 Bc2 73. Kg5 Bb1 74. h5 gxh5 75. Kxh5 Bc2 76. Kg5 Ba4 77. Kf4 Bb3 78. Kg5 Ba4 79. Kf4 Bb3 80. Kg5 Ba4 1/2-1/2


[Site "https://www.chess.com"]

[Event "Titled Tuesday Blitz July 27 2021"]
[White "Bortnyk, Olexandr"]
[Black "Libiszewski, Fabien"]
[WhiteFideId "14120828"]
[BlackFideId "616834"]
[WhiteElo "2723"]
[BlackElo "2440"]
[Result "1-0"]
[Round "04"]
[TimeControl "180+1"]
[Date "2021.07.27"]
[WhiteClock "0:00:13"]
[BlackClock "0:00:09"]

1. d4 Nf6 2. Nc3 e6 3. e4 d5 4. Bg5 Bb4 5. e5 h6 6. Bc1 Nfd7 7. Qg4 Bf8 8. f4 c5 9. Nf3 Nc6 10. Be3 Qa5 11. Be2 g6 12. O-O cxd4 13. Nxd4 Bc5 14. Rad1 Nxd4 15. Bxd4 Bxd4+ 16. Rxd4 Qb6 17. Nb5 O-O 18. c3 Nb8 19. Kh1 a6 20. Nd6 Qxb2 21. Bd3 Kg7 22. f5 exf5 23. Bxf5 Nc6 24. Bxc8 Nxd4 25. Qxd4 Qe2 26. e6+ Kh7 27. Kg1 Raxc8 28. Nxc8 Rxc8 29. Rxf7+ 1-0


[Site "https://www.chess.com"]

[Event "Titled Tuesday Blitz July 27 2021"]
[White "Chernobay, Artem"]
[Black "Bach, Ngoc Thuy Duong"]
[WhiteFideId "4167406"]
[BlackFideId "12408956"]
[WhiteElo "2480"]
[BlackElo "1896"]
[Result "1-0"]
[Round "04"]
[TimeControl "180+1"]
[Date "2021.07.27"]
[WhiteClock "0:00:31"]
[BlackClock "0:00:07"]

1. d4 d5 2. c4 e6 3. Nc3 c6 4. e4 dxe4 5. Nxe4 Bb4+ 6. Bd2 Qxd4 7. Bxb4 Qxe4+ 8. Be2 Na6 9. Ba5 b6 10. Qd6 Nf6 11. Bc3 Bd7 12. Nf3 c5 13. Ne5 O-O-O 14. Nxf7 Bc6 15. f3 Qh4+ 16. Qg3 Qh5 17. Nxh8 Rxh8 18. Qxg7 1-0


[Site "https://www.chess.com"]

[Event "Titled Tuesday Blitz July 27 2021"]
[White "Costachi, Mihnea"]
[Black "Tsaruk, Maksim"]
[WhiteFideId "1217518"]
[BlackFideId "13511173"]
[WhiteElo "2482"]
[BlackElo "2184"]
[Result "0-1"]
[Round "04"]
[TimeControl "180+1"]
[Date "2021.07.27"]
[WhiteClock "0:00:09"]
[BlackClock "0:00:04"]

1. d4 Nf6 2. c4 g6 3. Nc3 d5 4. Nf3 Bg7 5. h4 c6 6. cxd5 cxd5 7. Bf4 O-O 8. e3 Bg4 9. Be2 Nc6 10. Ne5 Bxe2 11. Qxe2 Nxe5 12. Bxe5 e6 13. O-O a6 14. Rac1 Nd7 15. Bxg7 Kxg7 16. g3 Qa5 17. h5 Rfc8 18. Qg4 Nf6 19. h6+ Kxh6 20. Qe2 Kg7 21. Kg2 Rc6 22. Rh1 Rac8 23. Rh4 b5 24. Rch1 b4 25. Nd1 Qxa2 26. Qf3 Qb1 27. Rf4 R8c7 28. Rxf6 Qe4 29. Qxe4 dxe4 30. Rf4 f5 31. Rfh4 h5 32. Re1 Rc2 33. Rhh1 a5 34. b3 Rd2 35. Rhf1 Rcc2 36. Kg1 g5 37. Kg2 Kg6 38. Kh3 Rd3 39. Kg2 Rxb3 40. Kg1 g4 41. Kg2 a4 42. Rh1 a3 43. Rh2 a2 44. Reh1 a1=Q 45. Rxh5 Kf6 46. Rh7 Rxf2+ 47. Kxf2 Rb2+ 48. Ke1 Rg2 49. R1h6+ Kg5 50. Rh5+ Kg6 51. R5h6+ Kg5 52. Rh5+ Kf6 53. Rh1 Kg5 54. R7h5+ Kg6 55. Rh7 Rg1+ 56. Rxg1 Kxh7 57. Rg2 b3 58. Rb2 Qa5+ 59. Ke2 Qb5+ 60. Kf2 Qd3 61. Ke1 Kg7 62. Rd2 Qc4 63. Rb2 Kf6 64. Rh2 e5 65. dxe5+ Kxe5 66. Rd2 Qb4 67. Ke2 Kf6 68. Nb2 Qb8 69. Kf2 Qc7 70. Ke2 Qxg3 71. Nc4 Qc7 72. Nb2 Qc6 73. Kf2 Kg5 74. Kg3 Qc2 75. Re2 Qxe2 0-1


[Site "https://www.chess.com"]

[Event "Titled Tuesday Blitz July 27 2021"]
[White "Dang, Hoang Son"]
[Black "Tang, Andrew"]
[WhiteFideId "12402435"]
[BlackFideId "2059630"]
[WhiteElo "2248"]
[BlackElo "2599"]
[Result "0-1"]
[Round "04"]
[TimeControl "180+1"]
[Date "2021.07.27"]
[WhiteClock "0:00:19"]
[BlackClock "0:00:53"]

1. d4 d5 2. c4 e6 3. Nf3 Nf6 4. g3 dxc4 5. Bg2 Nc6 6. O-O Rb8 7. Re1 Be7 8. e4 O-O 9. Nc3 b5 10. Bg5 h6 11. Bxf6 Bxf6 12. e5 Be7 13. h4 Nb4 14. Qd2 Nd3 15. Re4 Bb7 16. Re3 Bxf3 17. Bxf3 Qxd4 18. Re4 Nxe5 19. Qf4 Nxf3+ 20. Qxf3 Qc5 21. Rae1 b4 22. Ne2 Bf6 23. Rc1 Qa5 24. Rexc4 Bxb2 25. R1c2 Qxa2 26. Kg2 b3 27. Rd2 Qa6 28. Rxc7 Be5 29. Rc1 b2 30. Rb1 Qb7 31. Nd4 Rfc8 32. Qxb7 Rxb7 33. Nf3 Bf6 34. Rdd1 a5 35. Nd2 a4 36. Ne4 a3 37. Nd6 Rbb8 38. Nxc8 Rxc8 0-1


[Site "https://www.chess.com"]

[Event "Titled Tuesday Blitz July 27 2021"]
[White "Dardha, Daniel"]
[Black "Khusnutdinov, Rustam"]
[WhiteFideId "240990"]
[BlackFideId "13701703"]
[WhiteElo "2489"]
[BlackElo "2571"]
[Result "0-1"]
[Round "04"]
[TimeControl "180+1"]
[Date "2021.07.27"]
[WhiteClock "0:00:13"]
[BlackClock "0:00:51"]

1. c4 e5 2. g3 Nc6 3. Bg2 Bc5 4. Nc3 d6 5. a3 a6 6. b4 Ba7 7. Nf3 Nf6 8. O-O O-O 9. d3 h6 10. Rb1 Ne7 11. a4 Be6 12. b5 axb5 13. axb5 Qc8 14. Be3 Bxe3 15. fxe3 Bh3 16. e4 Bxg2 17. Kxg2 Ng4 18. Qc1 f5 19. h3 Nf6 20. exf5 Nxf5 21. e4 Ne7 22. Ra1 Nd7 23. Qe3 Nc5 24. d4 Rxa1 25. Rxa1 Nb3 26. Rb1 Rxf3 27. Kxf3 exd4 28. Qd3 Nc5 29. Qxd4 Qxh3 30. Nd5 Ng6 31. Nf4 Nxf4 32. Qd5+ Nxd5 0-1


[Site "https://www.chess.com"]

[Event "Titled Tuesday Blitz July 27 2021"]
[White "Demidov, Mikhail"]
[Black "Le, Tuan Minh"]
[WhiteFideId "4197143"]
[BlackFideId "12401153"]
[WhiteElo "2598"]
[BlackElo "2450"]
[Result "0-1"]
[Round "04"]
[TimeControl "180+1"]
[Date "2021.07.27"]
[WhiteClock "0:00:02"]
[BlackClock "0:00:37"]

1. Nf3 d5 2. g3 Nd7 3. d4 Nb6 4. b3 Nf6 5. Bg2 Bf5 6. Ba3 g6 7. O-O Bg7 8. c4 c6 9. Nbd2 O-O 10. Rc1 a5 11. Nh4 Be6 12. e3 a4 13. c5 Nbd7 14. b4 Ne8 15. f4 Ndf6 16. f5 Bd7 17. Nb1 Nc7 18. Nc3 Qc8 19. Qd3 g5 20. Nf3 Bxf5 21. Qe2 h6 22. b5 Ne4 23. bxc6 bxc6 24. Bb4 Nxc3 25. Bxc3 Be4 26. h4 Qg4 27. Qf2 Rab8 28. Nh2 Qe6 29. hxg5 hxg5 30. g4 Bf6 31. Qg3 Nb5 32. Bd2 Na3 33. Bxe4 Qxe4 34. Rf2 Nc4 35. Nf1 Rb2 36. Be1 Rxf2 37. Bxf2 Kg7 38. Nh2 Rh8 39. Qc7 Ne5 40. Bg3 Qxe3+ 0-1


[Site "https://www.chess.com"]

[Event "Titled Tuesday Blitz July 27 2021"]
[White "Dushyant Sharma"]
[Black "Bok, Benjamin"]
[WhiteFideId "25065130"]
[BlackFideId "1017063"]
[WhiteElo "2019"]
[BlackElo "2658"]
[Result "0-1"]
[Round "04"]
[TimeControl "180+1"]
[Date "2021.07.27"]
[WhiteClock "0:01:14"]
[BlackClock "0:01:45"]

1. e4 c5 2. Nf3 d6 3. d4 cxd4 4. Nxd4 Nf6 5. Nc3 a6 6. f4 e5 7. Nf3 Nbd7 8. Bd3 b5 9. a3 Bb7 10. O-O Be7 11. Kh1 O-O 12. Qe1 Qc7 13. Bd2 Rfe8 14. fxe5 dxe5 15. Nh4 g6 16. Bg5 Nh5 17. Bxe7 Rxe7 18. Rd1 Nf4 19. Ne2 Nc5 20. Nxf4 exf4 21. Qf2 Bxe4 22. Qxf4 Qxf4 23. Rxf4 Bxd3 24. cxd3 Nxd3 25. Rf6 Nxb2 26. Ra1 Kg7 27. Rff1 Rd8 28. h3 Red7 29. Kh2 Rd1 30. Nf3 Rxf1 31. Rxf1 Nc4 32. Ra1 Rd3 33. a4 b4 34. Rc1 Rc3 35. Rb1 b3 36. Nd4 b2 0-1


[Site "https://www.chess.com"]

[Event "Titled Tuesday Blitz July 27 2021"]
[White "Dvirnyy, Danyyil"]
[Black "Nugumanov, Bakhtiyar"]
[WhiteFideId "817570"]
[BlackFideId "13701797"]
[WhiteElo "2531"]
[BlackElo "2262"]
[Result "0-1"]
[Round "04"]
[TimeControl "180+1"]
[Date "2021.07.27"]
[WhiteClock "0:00:33"]
[BlackClock "0:02:02"]

1. d4 Nf6 2. c4 g6 3. Nc3 Bg7 4. e4 O-O 5. Be2 d6 6. Be3 Nbd7 7. g4 e5 8. d5 h5 9. g5 Nh7 10. h4 f6 11. Qd2 fxg5 12. hxg5 Rf4 13. Nh3 Nxg5 14. Nxg5 Qxg5 15. O-O-O Qf6 16. Rdg1 Nf8 17. Nb5 Bd7 18. Nc3 Rxf2 19. Bxf2 Qxf2 20. Nd1 Qf6 21. Nf2 Qxf2 22. Rf1 Qd4 23. Qg5 Qxe4 24. Rh4 Qxe2 0-1


[Site "https://www.chess.com"]

[Event "Titled Tuesday Blitz July 27 2021"]
[White "Florescu, Codrut-Constantin"]
[Black "Timmermans, Mark"]
[WhiteFideId "1202200"]
[BlackFideId "1026399"]
[WhiteElo "2243"]
[BlackElo "2460"]
[Result "1/2-1/2"]
[Round "04"]
[TimeControl "180+1"]
[Date "2021.07.27"]
[WhiteClock "0:00:06"]
[BlackClock "0:00:16"]

1. d4 Nf6 2. c4 e6 3. Nf3 d5 4. Bg5 dxc4 5. e4 Nbd7 6. Bxc4 Bb4+ 7. Nc3 h6 8. Bxf6 Bxc3+ 9. bxc3 Nxf6 10. e5 Nd5 11. Rc1 O-O 12. O-O Bd7 13. Re1 Bc6 14. Qd2 Nb6 15. Be2 Be4 16. Qe3 Bh7 17. Red1 Nd5 18. Qd2 Ne7 19. c4 c6 20. Bd3 Bxd3 21. Qxd3 Ng6 22. Qe4 Qe7 23. h4 Rfd8 24. h5 Nf8 25. d5 exd5 26. cxd5 cxd5 27. Rxd5 Rxd5 28. Qxd5 Rd8 29. Qc5 Rd1+ 30. Kh2 Qxc5 31. Rxc5 Ra1 32. Rc8 Rxa2 33. Kg3 Re2 34. Rc7 Ne6 35. Rxb7 a6 36. Ra7 Nc5 37. Ra8+ Kh7 38. Ra7 f6 39. exf6 Ne4+ 40. Kf4 Nxf6 41. Rxa6 Nxh5+ 42. Kg4 Nf6+ 43. Kg3 Ne4+ 44. Kf4 Nxf2 45. g4 Re4+ 46. Kg3 Nxg4 47. Ra7 Nf6 48. Nh4 Nh5+ 49. Kh3 Nf4+ 50. Kg3 Nh5+ 51. Kh3 Rf4 52. Rb7 Nf6 53. Kg3 Nh5+ 54. Kh3 Nf6 55. Kg3 Rf1 56. Kg2 Ra1 57. Nf5 Nh5 58. Kh3 Ra4 59. Rc7 Rf4 60. Nh4 Kg8 61. Rc5 Nf6 62. Rc7 Rd4 63. Ng6 Rd7 64. Rc8+ Kf7 65. Ne5+ Ke6 66. Nxd7 Nxd7 67. Rg8 Kf7 68. Ra8 Nf6 69. Ra7+ Kg6 70. Kh4 Ne4 71. Ra6+ Kh7 72. Ra7 Ng5 73. Rb7 Kg6 74. Rb6+ Kh7 75. Rb7 Ne6 76. Ra7 Kg6 77. Ra6 Kf6 78. Kh5 Kf5 79. Ra5+ Kf6 80. Ra6 Kf7 81. Ra7+ Kg8 82. Kh4 g6 83. Rb7 Ng7 84. Kg4 Kh7 85. Kf4 g5+ 86. Kg4 Kg6 87. Rb6+ Kh7 88. Rb7 Kg8 89. Rb8+ Kf7 90. Rb7+ Kf6 91. Rb6+ Ne6 92. Kh5 Kf5 93. Rb5+ Kf4 94. Kxh6 g4 95. Rb4+ Kf3 96. Rxg4 Kxg4 1/2-1/2


[Site "https://www.chess.com"]

[Event "Titled Tuesday Blitz July 27 2021"]
[White "Gelman, Alexander"]
[Black "Hamley, Ryan"]
[WhiteFideId "4118316"]
[BlackFideId "30959497"]
[WhiteElo "2375"]
[BlackElo "2423"]
[Result "1-0"]
[Round "04"]
[TimeControl "180+1"]
[Date "2021.07.27"]
[WhiteClock "0:00:28"]
[BlackClock "0:00:09"]

1. d4 Nf6 2. Nc3 d5 3. Bf4 c5 4. e3 a6 5. Nf3 Bg4 6. h3 Bxf3 7. Qxf3 e6 8. O-O-O Nc6 9. g4 Be7 10. g5 Nd7 11. h4 b5 12. h5 cxd4 13. exd4 Bxg5 14. Rg1 Bf6 15. Bd6 Nb6 16. Bc5 Nd7 17. Bd6 Qa5 18. Nxd5 exd5 19. Qxd5 Rc8 20. Bh3 Ne7 21. Bxe7 Qc7 22. Bc5 Nxc5 23. Bxc8 O-O 24. Qxc5 1-0


[Site "https://www.chess.com"]